HSSL
HUNTSVILLE HS WASPS @ BUCHANAN HS
04/29/2027
 
TOP OF THE 1ST
Huntsville HS Wasps batting - Pitching for Buchanan HS : RHP Roberto Pérez
Pitching: RHP Roberto Pérez
Batting: SHB José Chávez 0-0: Called Strike
0-1: Ball
1-1: Ball
2-1: Foul Ball, location: 2F
2-2: Ball
3-2: Ground out 1-3 (Groundball, P)
Batting: RHB Esteban Garza 0-0: Foul Ball, location: 2F
0-1: Ball
1-1: Fly out, F4 (Line Drive, 4D)
Batting: RHB Christian Porter 0-0: Ball
1-0: Ball
2-0: Ball
3-0: Called Strike
3-1: Foul Ball, location: 2F
3-2: Foul Ball, location: 2F
3-2: Foul Ball, location: 2F
3-2: Base on Balls
Batting: RHB Jesse Pérez 0-0: Foul Ball, location: 2F
0-1: Ball
1-1: Foul Ball, location: 2F
1-2: SINGLE (Line Drive, 89S)
Christian Porter to second
Batting: LHB Eddie Nealon 0-0: Ball
1-0: Called Strike
1-1: Foul Ball, location: 2F
1-2: Foul Ball, location: 2F
1-2: Ball
2-2: Foul Ball, location: 2F
2-2: Ball
3-2: Foul Ball, location: 2F
3-2: Foul Ball, location: 2F
3-2: Fly out, F8 (Flyball, 8LD)
Top of the 1st over - 0 run(s), 1 hit(s), 0 error(s), 2 left on base; Huntsville HS 0 - Buchanan HS 0
BOTTOM OF THE 1ST
Buchanan HS batting - Pitching for Huntsville HS Wasps : RHP Doug Acevedo
Pitching: RHP Doug Acevedo
Batting: RHB Ánibal Vega 0-0: Bunt for hit - play at first, batter OUT! 1-3
Batting: LHB Perry Hayward 0-0: Foul Ball, location: 2F
0-1: Ball
1-1: Ball
2-1: Foul Ball, location: 2F
2-2: Ball
3-2: SINGLE (Flyball, 8RS)
Batting: LHB José Martínez 0-0: Ball
1-0: Foul Ball, location: 2F
1-1: Ball
2-1: Ball
3-1: Foul Ball, location: 2F
3-2: Strikes out looking
Batting: RHB Dewey Tyree 0-0: Called Strike
0-1: Swinging Strike
0-2: Ball
1-2: Ball
2-2: Ball
3-2: Foul Ball, location: 2F
3-2: Base on Balls
Perry Hayward to second
Batting: SHB Christian Dennis 0-0: Called Strike
0-1: Ball
1-1: Ball
2-1: Swinging Strike
2-2: Strikes out swinging
Bottom of the 1st over - 0 run(s), 1 hit(s), 0 error(s), 2 left on base; Huntsville HS 0 - Buchanan HS 0
TOP OF THE 2ND
Huntsville HS Wasps batting - Pitching for Buchanan HS : RHP Roberto Pérez
Batting: RHB Jim Mak 0-0: Ball
1-0: Ball
2-0: Foul Ball, location: 2F
2-1: Foul Ball, location: 2F
2-2: Foul Ball, location: 2F
2-2: Foul Ball, location: 2F
2-2: Ball
3-2: Foul Ball, location: 2F
3-2: DOUBLE (Flyball, 9)
Batting: RHB Peyton Ryan 0-0: Ball
Wild Pitch!
Jim Mak to third
1-0: Foul Ball, location: 2F
1-1: Foul Ball, location: 2F
1-2: Ball
2-2: Ball
3-2: SINGLE (Flyball, 89M)
Jim Mak scores
Batting: RHB Roberto Peńa 0-0: Foul Ball, location: 2F
0-1: SINGLE (Line Drive, 78S)
Peyton Ryan to second
Batting: RHB Mike Kennedy 0-0: Ball
1-0: Called Strike
1-1: Foul Ball, location: 2F
1-2: Foul Ball, location: 2F
1-2: Ball
2-2: Ball
3-2: Grounds into double play, 5-4-3 (Groundball, 5)
Peyton Ryan to third
Batting: SHB José Chávez 0-0: Ball
Wild Pitch!
Peyton Ryan scores
1-0: Ball
2-0: Foul Ball, location: 2F
2-1: Swinging Strike
2-2: Strikes out looking
Top of the 2nd over - 2 run(s), 3 hit(s), 0 error(s), 0 left on base; Huntsville HS 2 - Buchanan HS 0
BOTTOM OF THE 2ND
Buchanan HS batting - Pitching for Huntsville HS Wasps : RHP Doug Acevedo
Batting: RHB Dave Burchette 0-0: Ball
1-0: Foul Ball, location: 2F
1-1: Swinging Strike
1-2: Strikes out swinging
Batting: LHB Jesús Torres 0-0: Fly out, F6 (Popup, 6D)
Batting: RHB Len Valadez 0-0: SOLO HOME RUN (Flyball, 7D), Distance : 372 ft
Batting: RHB Tommy Reid 0-0: Ball
1-0: Ball
2-0: Foul Ball, location: 2F
2-1: Foul Ball, location: 2F
2-2: Ball
3-2: Base on Balls
Batting: RHB Ánibal Vega 0-0: Called Strike
0-1: Ball
1-1: Ball
2-1: Swinging Strike
2-2: Ball
3-2: Strikes out swinging
Bottom of the 2nd over - 1 run(s), 1 hit(s), 0 error(s), 1 left on base; Huntsville HS 2 - Buchanan HS 1
TOP OF THE 3RD
Huntsville HS Wasps batting - Pitching for Buchanan HS : RHP Roberto Pérez
Batting: RHB Esteban Garza 0-0: Called Strike
0-1: Ball
1-1: Swinging Strike
1-2: Ground out 5-3 (Groundball, 5)
Batting: RHB Christian Porter 0-0: SOLO HOME RUN (Flyball, 9D), Distance : 371 ft
Batting: RHB Jesse Pérez 0-0: Ball
1-0: Swinging Strike
1-1: Foul Ball, location: 2F
1-2: Strikes out swinging
Batting: LHB Eddie Nealon 0-0: SINGLE (Line Drive, 89S)
Batting: RHB Jim Mak 0-0: Ball
1-0: Ball
Eddie Nealon steals 2nd base
2-0: Ball
3-0: Called Strike
3-1: Foul Ball, location: 2F
3-2: Base on Balls
Batting: RHB Peyton Ryan 0-0: Swinging Strike
0-1: Ball
1-1: Called Strike
1-2: Ball
2-2: Ball
3-2: Strikes out swinging
Top of the 3rd over - 1 run(s), 2 hit(s), 0 error(s), 2 left on base; Huntsville HS 3 - Buchanan HS 1
BOTTOM OF THE 3RD
Buchanan HS batting - Pitching for Huntsville HS Wasps : RHP Doug Acevedo
Batting: LHB Perry Hayward 0-0: Ball
1-0: Ball
2-0: Ball
3-0: Called Strike
3-1: Swinging Strike
3-2: Foul Ball, location: 2F
3-2: Base on Balls
Batting: LHB José Martínez 0-0: Foul Ball, location: 2F
0-1: Ball
1-1: Called Strike
1-2: DOUBLE (Flyball, 78D)
Perry Hayward to third
Batting: RHB Dewey Tyree 0-0: Ball
1-0: SINGLE (Line Drive, 56)
Perry Hayward scores
José Martínez to third
Runner from 3rd tries for Home, SAFE, no throw
Batting: SHB Christian Dennis 0-0: Called Strike
0-1: Ball
1-1: Foul Ball, location: 2F
1-2: Fly out, F7 (Flyball, 7LMF)
Batting: RHB Dave Burchette 0-0: Called Strike
0-1: Ball
1-1: Foul Ball, location: 2F
1-2: Ball
2-2: Grounds into double play, 6-4-3 (Groundball, 6)
Bottom of the 3rd over - 2 run(s), 2 hit(s), 0 error(s), 0 left on base; Huntsville HS 3 - Buchanan HS 3
TOP OF THE 4TH
Huntsville HS Wasps batting - Pitching for Buchanan HS : RHP Roberto Pérez
Pitching: RHP Garth Zapata
Batting: RHB Roberto Peńa 0-0: Called Strike
0-1: Ball
1-1: Ball
2-1: Foul Ball, location: 2F
2-2: Strikes out swinging
Batting: RHB Mike Kennedy 0-0: Called Strike
0-1: Ball
1-1: Swinging Strike
1-2: Ball
2-2: Foul Ball, location: 2F
2-2: Ball
3-2: Base on Balls
Batting: SHB José Chávez 0-0: Swinging Strike
0-1: Called Strike
0-2: Ball
1-2: Strikes out swinging
Batting: RHB Esteban Garza 0-0: Ball
1-0: Ball
Mike Kennedy steals 2nd base
2-0: Ball
3-0: Called Strike
3-1: Base on Balls
Batting: RHB Christian Porter 0-0: Swinging Strike
0-1: Swinging Strike
0-2: Strikes out looking
Top of the 4th over - 0 run(s), 0 hit(s), 0 error(s), 2 left on base; Huntsville HS 3 - Buchanan HS 3
BOTTOM OF THE 4TH
Buchanan HS batting - Pitching for Huntsville HS Wasps : RHP Doug Acevedo
Batting: LHB Jesús Torres 0-0: Ball
1-0: Ball
2-0: Called Strike
2-1: Ball
3-1: Ground out 1-3 (Groundball, P)
Pitching: LHP Doug Hicks
Batting: RHB Len Valadez 0-0: Called Strike
0-1: Reached on error, E4 (Groundball, 4)
Batting: RHB Tommy Reid 0-0: Swinging Strike
0-1: Fly out, F5 (Popup, 5L)
Batting: RHB Ánibal Vega 0-0: Ball
1-0: Ball
2-0: Called Strike
2-1: Foul Ball, location: 2F
2-2: Ball
3-2: Strikes out swinging
Bottom of the 4th over - 0 run(s), 0 hit(s), 1 error(s), 1 left on base; Huntsville HS 3 - Buchanan HS 3
TOP OF THE 5TH
Huntsville HS Wasps batting - Pitching for Buchanan HS : RHP Garth Zapata
Batting: RHB Jesse Pérez 0-0: Foul Ball, location: 2F
0-1: Foul Ball, location: 2F
0-2: Ball
1-2: Foul Ball, location: 2F
1-2: Foul Ball, location: 2F
1-2: Ball
2-2: Ball
3-2: Reached on error, E5 (Groundball, 56)
Batting: LHB Eddie Nealon 0-0: Foul Ball, location: 2F
0-1: Called Strike
0-2: Strikes out swinging
Batting: RHB Jim Mak 0-0: Ball
1-0: Ball
Passed Ball!
Jesse Pérez to second
2-0: Ground out 5-3 (Groundball, 56S)
Jesse Pérez to third
Batting: RHB Peyton Ryan 0-0: Swinging Strike
0-1: Swinging Strike
0-2: Strikes out looking
Top of the 5th over - 0 run(s), 0 hit(s), 1 error(s), 1 left on base; Huntsville HS 3 - Buchanan HS 3
BOTTOM OF THE 5TH
Buchanan HS batting - Pitching for Huntsville HS Wasps : LHP Doug Hicks
Batting: LHB Perry Hayward 0-0: Ball
1-0: Ball
2-0: Ball
3-0: Base on Balls
Pitching: LHP Paul Seymour
Batting: LHB José Martínez 0-0: Ball
1-0: Called Strike
1-1: Foul Ball, location: 2F
1-2: Ground out 3-1 (Groundball, 3)
Perry Hayward to second
Batting: RHB Dewey Tyree 0-0: Ball
1-0: SINGLE (Line Drive, 56)
Perry Hayward to third
Pitching: RHP Terrence Johnson
Batting: SHB Christian Dennis 0-0: Foul Ball, location: 2F
0-1: SINGLE (Flyball, 8LS)
Perry Hayward scores
Dewey Tyree to second
Batting: RHB Dave Burchette 0-0: Ball
1-0: Called Strike
1-1: Foul Ball, location: 2F
1-2: Foul Ball, location: 2F
1-2: Foul Ball, location: 2F
1-2: Grounds into double play, 5-4-3 (Groundball, 56)
Bottom of the 5th over - 1 run(s), 2 hit(s), 0 error(s), 1 left on base; Huntsville HS 3 - Buchanan HS 4
TOP OF THE 6TH
Huntsville HS Wasps batting - Pitching for Buchanan HS : RHP Garth Zapata
Batting: RHB Roberto Peńa 0-0: Ground out 4-3 (Groundball, 4M)
Batting: RHB Mike Kennedy 0-0: Ball
1-0: Called Strike
1-1: Ball
2-1: Foul Ball, location: 2F
2-2: Strikes out looking
Batting: SHB José Chávez 0-0: Ground out 4-3 (Groundball, 4)
Top of the 6th over - 0 run(s), 0 hit(s), 0 error(s), 0 left on base; Huntsville HS 3 - Buchanan HS 4
BOTTOM OF THE 6TH
Buchanan HS batting - Pitching for Huntsville HS Wasps : RHP Terrence Johnson
Batting: LHB Jesús Torres 0-0: Ball
1-0: Swinging Strike
1-1: Ball
2-1: Ground out 1-3 (Groundball, 15S)
Batting: RHB Len Valadez 0-0: Ball
1-0: Ball
2-0: Foul Ball, location: 2F
2-1: Ground out 6-3 (Groundball, 6M)
Batting: RHB Tommy Reid 0-0: Called Strike
0-1: Ball
1-1: Swinging Strike
1-2: Fly out, F5 (Line Drive, 5)
Bottom of the 6th over - 0 run(s), 0 hit(s), 0 error(s), 0 left on base; Huntsville HS 3 - Buchanan HS 4
TOP OF THE 7TH
Huntsville HS Wasps batting - Pitching for Buchanan HS : RHP Garth Zapata
Batting: RHB Esteban Garza 0-0: Called Strike
0-1: Fly out, F9 (Flyball, 9S)
Batting: RHB Christian Porter 0-0: Swinging Strike
0-1: SINGLE (Groundball, 4MD)
Pitching: RHP Mike Graham
Batting: RHB Jesse Pérez 0-0: Called Strike
Christian Porter steals 2nd base
0-1: Foul Ball, location: 2F
0-2: Strikes out swinging
Pitching: LHP Dan Womack
Batting: LHB Eddie Nealon 0-0: Ball
1-0: Called Strike
1-1: Ball
2-1: Foul Ball, location: 2F
2-2: Ball
3-2: SINGLE (Groundball, 4D)
Christian Porter to third
Christian Porter scores
Pitching: LHP Leon Holliday
Batting: RHB Jim Mak 0-0: Ball
1-0: Ball
2-0: Called Strike
2-1: SINGLE (Groundball, 6MD)
Eddie Nealon to second
Batting: RHB Peyton Ryan 0-0: Called Strike
0-1: Foul Ball, location: 2F
0-2: Strikes out swinging
Top of the 7th over - 1 run(s), 3 hit(s), 0 error(s), 2 left on base; Huntsville HS 4 - Buchanan HS 4
BOTTOM OF THE 7TH
Buchanan HS batting - Pitching for Huntsville HS Wasps : RHP Terrence Johnson
Batting: RHB Ánibal Vega 0-0: Ball
1-0: Ball
2-0: Ball
3-0: Called Strike
3-1: Fly out, F3 (Line Drive, 34)
Batting: LHB Perry Hayward 0-0: Ground out U3 (Groundball, 34)
Batting: LHB José Martínez 0-0: DOUBLE (Line Drive, 89M)
Batting: RHB Dewey Tyree 0-0: Called Strike
0-1: Ball
1-1: Ball
2-1: Ball
3-1: Base on Balls
Batting: SHB Christian Dennis 0-0: Ball
1-0: Ball
2-0: Ball
3-0: Called Strike
3-1: Swinging Strike
3-2: Strikes out swinging
Bottom of the 7th over - 0 run(s), 1 hit(s), 0 error(s), 2 left on base; Huntsville HS 4 - Buchanan HS 4
TOP OF THE 8TH
Huntsville HS Wasps batting - Pitching for Buchanan HS : LHP Leon Holliday
Batting: RHB Roberto Peńa 0-0: Ball
1-0: Ball
2-0: Swinging Strike
2-1: Ball
3-1: Called Strike
3-2: Base on Balls
Batting: RHB Mike Kennedy 0-0: Ball
1-0: Foul Ball, location: 2F
1-1: Fly out, F5 (Line Drive, 56)
Batting: SHB José Chávez 0-0: Ball
1-0: Foul Ball, location: 2F
1-1: Ball
Passed Ball!
Roberto Peńa to second
2-1: Foul Ball, location: 2F
2-2: SINGLE (Groundball, 6MD)
Roberto Peńa to third
Runner from 3rd tries for Home, SAFE, throw made home
José Chávez to second
Batting: RHB Esteban Garza 0-0: Called Strike
0-1: Swinging Strike
0-2: Foul Ball, location: 2F
0-2: Ball
1-2: Strikes out swinging
Batting: RHB Christian Porter 0-0: Ball
1-0: Ball
2-0: Foul Ball, location: 2F
2-1: Called Strike
2-2: Foul Ball, location: 2F
2-2: Ball
3-2: SINGLE (Groundball, 56) (infield hit)
José Chávez to third
Batting: RHB Jesse Pérez 0-0: SINGLE (Flyball, 7S)
José Chávez scores
Christian Porter to second
Batting: LHB Eddie Nealon 0-0: Ball
1-0: Ball
2-0: Swinging Strike
2-1: Called Strike
2-2: Ball
3-2: Base on Balls
Christian Porter to third
Jesse Pérez to second
Batting: RHB Jim Mak 0-0: Called Strike
0-1: Swinging Strike
0-2: Strikes out swinging
Top of the 8th over - 2 run(s), 3 hit(s), 0 error(s), 3 left on base; Huntsville HS 6 - Buchanan HS 4
BOTTOM OF THE 8TH
Buchanan HS batting - Pitching for Huntsville HS Wasps : RHP Terrence Johnson
Batting: RHB Dave Burchette 0-0: Swinging Strike
0-1: Foul Ball, location: 2F
0-2: Foul Ball, location: 2F
0-2: Ball
1-2: Ball
2-2: Foul Ball, location: 2F
2-2: SINGLE (Line Drive, 89S)
Batting: LHB Jesús Torres 0-0: Ball
1-0: Swinging Strike
1-1: SINGLE (Line Drive, 4D)
Dave Burchette to second
Runner from 2nd tries for 3rd, SAFE, throw made to third
Batting: RHB Len Valadez 0-0: Swinging Strike
0-1: Ball
1-1: SINGLE (Groundball, 6) (infield hit)
Dave Burchette scores
Jesús Torres to second
Batting: RHB Tommy Reid 0-0: Called Strike
0-1: Foul Ball, location: 2F
0-2: Ball
1-2: Ball
Passed Ball!
Jesús Torres to third
Len Valadez to second
2-2: Strikes out swinging
Batting: RHB Ánibal Vega 0-0: Ball
1-0: Ball
2-0: Ball
3-0: Called Strike
3-1: Swinging Strike
3-2: SINGLE (Line Drive, 56D)
Jesús Torres scores
Len Valadez to third
Pitching: RHP Jorge Cortéz
Batting: LHB Perry Hayward 0-0: Foul Ball, location: 2F
0-1: Ground out 6-3 (Groundball, 6S)
Len Valadez scores
Ánibal Vega to second
Batting: LHB José Martínez 0-0: Ball
1-0: Called Strike
1-1: Ball
2-1: Called Strike
2-2: Ball
3-2: Base on Balls
Batting: RHB Dewey Tyree 0-0: Ball
1-0: Swinging Strike
1-1: Ball
2-1: SINGLE (Line Drive, 7S)
Ánibal Vega to third
José Martínez to second
Runner from 3rd tries for Home, SAFE, throw made home
José Martínez to third
Dewey Tyree to second
Batting: SHB Christian Dennis 0-0: Foul Ball, location: 2F
0-1: SINGLE (Groundball, 5D)
José Martínez scores
Dewey Tyree to third
Runner from 3rd tries for Home, SAFE, no throw
Batting: RHB Dave Burchette 0-0: Foul Ball, location: 2F
0-1: Foul Ball, location: 2F
0-2: Ball
1-2: SINGLE (Groundball, 56D)
Christian Dennis to second
Batting: LHB Jesús Torres 0-0: Foul Ball, location: 2F
0-1: Hit by Pitch
Christian Dennis to third
Dave Burchette to second
Batting: RHB Len Valadez 0-0: Ball
1-0: Hit by Pitch
Christian Dennis scores
Dave Burchette to third
Jesús Torres to second
Batting: RHB Tommy Reid 0-0: Ball
1-0: Ball
2-0: Ball
3-0: Base on Balls
Dave Burchette scores
Jesús Torres to third
Len Valadez to second
Batting: RHB Ánibal Vega 0-0: Called Strike
0-1: Foul Ball, location: 2F
0-2: Hit by Pitch
Jesús Torres scores
Len Valadez to third
Tommy Reid to second
Batting: LHB Perry Hayward 0-0: Ball
1-0: Foul Ball, location: 2F
1-1: SINGLE (Groundball, 4MD)
Len Valadez scores
Tommy Reid to third
Ánibal Vega to second
Runner from 3rd tries for Home, SAFE, throw made home
Batting: LHB José Martínez 0-0: Called Strike
0-1: Ball
Passed Ball!
Ánibal Vega to third
Perry Hayward to second
1-1: Swinging Strike
1-2: Strikes out swinging
Bottom of the 8th over - 11 run(s), 8 hit(s), 0 error(s), 2 left on base; Huntsville HS 6 - Buchanan HS 15
TOP OF THE 9TH
Huntsville HS Wasps batting - Pitching for Buchanan HS : LHP Leon Holliday
Now at SS: Michael Elliott
Batting: RHB Peyton Ryan 0-0: Ball
1-0: Ball
2-0: Called Strike
2-1: Called Strike
2-2: Strikes out swinging
Pitching: LHP Jon Todd
Batting: RHB Roberto Peńa 0-0: SINGLE (Groundball, 6MD)
Batting: RHB Mike Kennedy 0-0: Ball
1-0: Ball
2-0: Called Strike
2-1: Swinging Strike
2-2: Ball
3-2: Foul Ball, location: 2F
3-2: Fly out, F9 (Flyball, 9)
Batting: SHB José Chávez 0-0: Called Strike
0-1: Ball
1-1: Swinging Strike
Passed Ball!
Roberto Peńa to second
1-2: Ball
2-2: Ball
3-2: Strikes out swinging
Top of the 9th over - 0 run(s), 1 hit(s), 0 error(s), 1 left on base; Huntsville HS 6 - Buchanan HS 15
Thursday, March 30th, 2017 - OOTP Baseball 17.12 Build 75